 Dungeon Sprint DCSS version 0.28.0-43-g3370ac3207 (webtiles) character file.

Game seed: 6511335717761948370

56 boopmooplesden the Chopper (level 3, 0/38 HPs)
             Began as a Minotaur Berserker on Mar 12, 2022.
             Was a Believer of Trog.
             Succumbed to a water moccasin's poison
             ... in the Dungeon (Sprint II: "The Violet Keep of Menkaure").
             The game lasted 00:00:30 (281 turns).

boopmooplesden the Chopper (Minotaur Berserker)      Turns: 281, Time: 00:00:31

Health: 0/38       AC:  2    Str: 23    XL:     3   Next: 69%
Magic:  2/2        EV: 12    Int:  4    God:    Trog [**....]
Gold:   243        SH:  0    Dex:  9    Spells: 2/2 levels left

rFire   . . .      SeeInvis .   a - +0 hand axe
rCold   . . .      Faith    .   (no shield)
rNeg    . . .      Spirit   .   b - +0 animal skin
rPois   .          Reflect  .   (helmet restricted)
rElec   .          Harm     .   (no cloak)
rCorr   .          Rampage  .   (no gloves)
Will    .....      NoTele   +   (no boots)
Stlth   +.........              (no amulet)
HPRegen 0.12/turn               (no ring)
MPRegen 0.08/turn               (no ring)

@: lethally poisoned (0 -> -2)
A: horns 2, retaliatory headbutt
a: Renounce Religion, Berserk, Trog's Hand


You were in the Dungeon.
You worshipped Trog.
Trog was pleased with you.
You visited 1 branch You collected 243 gold pieces.

Inventory:

Hand Weapons
 a - a +0 hand axe (weapon)
Armour
 b - a +0 animal skin (worn)
Scrolls
 h - a scroll of blinking
Potions
 e - a potion of haste
 f - 2 potions of magic
 g - a potion of berserk rage


   Skills:
 + Level 6.5 Fighting
 + Level 6.8 Axes
 + Level 3.5 Armour
 + Level 3.3 Dodging


You had 2 spell levels left.
You didn't know any spells.
Your spell library was empty.

Dungeon Overview and Level Annotations

Branches:
Dungeon (1/1)

Altars:


Innate Abilities, Weirdness & Mutations

You have a pair of horns on your head.
You reflexively headbutt those who attack you in melee.


Message History

The water moccasin is heavily wounded.
The water moccasin bites you.
You are lethally poisoned!
The water moccasin poisons you!
You hit the water moccasin.
The water moccasin is severely wounded.
* * * LOW HITPOINT WARNING * * *
You feel very sick. The water moccasin bites you.
* * * LOW HITPOINT WARNING * * *
The water moccasin barely misses you.
You barely miss the water moccasin.
The water moccasin is severely wounded.
* * * LOW HITPOINT WARNING * * *
You feel sick. The water moccasin barely misses you. You furiously retaliate!
You headbutt the water moccasin!
You kill the water moccasin!
Trog accepts your kill.
Your Fighting skill gained 2 levels and is now at level 6!
Your Axes skill gained 2 levels and is now at level 6!
Your Armour skill increases to level 3!
Your Dodging skill increases to level 3!
You have reached level 3!
Your experience leads to an increase in your attributes!
Increase (S)trength, (I)ntelligence, or (D)exterity?
You feel stronger. x2
Unknown command.
Unknown command.
Unknown command.
* * * LOW HITPOINT WARNING * * *
You feel sick.
Things that are here:
a water moccasin corpse; a worm corpse
* * * LOW HITPOINT WARNING * * *
You feel sick.
There is an open door, spattered with blood here.
* * * LOW HITPOINT WARNING * * *
You feel sick.
You close the door.
You die... ....... ○.°.. ..≈.. zzz zzz

#≈≈#+++#+++##
≈≈≈.........#
##+## ##@#†##
#..##.#
##..### ##'#
##.## +.<.+
##.## #+#


There were no monsters in sight!

Vanquished Creatures
  A water moccasin (D)
  3 worms (D)
4 creatures vanquished.

Vanquished Creatures (others)
  Menkaure (D)
1 creature vanquished.

Grand Total: 5 creatures vanquished

Notes
Turn   | Place    | Note
-------+----------+-------------------------------------------
     0 | D        | boopmooplesden the Minotaur Berserker began the quest for
                  | the Orb.
     0 | D        | Reached XP level 1. HP: 19/19 MP: 0/0
    52 | D        | Killed Menkaure
   262 | D        | Noticed a flying skull
   262 | D        | Noticed a flying skull
   262 | D        | Noticed a flying skull
   262 | D        | Noticed a flying skull
   262 | D        | Noticed a flying skull
   262 | D        | Noticed a flying skull
   262 | D        | Noticed a flying skull
   262 | D        | Noticed a flying skull
   263 | D        | Noticed a flying skull
   263 | D        | Noticed a flying skull
   263 | D        | Noticed a flying skull
   264 | D        | Noticed a water moccasin
   265 | D        | Noticed a flying skull
   268 | D        | Reached ** piety under Trog
   269 | D        | Reached XP level 2. HP: 8/28 MP: 1/1
   277 | D        | Killed a water moccasin
   278 | D        | Reached XP level 3. HP: 5/38 MP: 2/2
   280 | D        | HP: 1/38 [poisoned by a water moccasin]
   281 | D        | Succumbed to a water moccasin's poison

Illustrated notes

Levels and vault maps discovered:
D:        the_violet_keep_of_menkaure [sprint2_stairs_cluster_1,
          sprint2_shoproom, sprint2_temple, sprint2_basic_supplies,
          sprint2_obstacle_2, sprint2_obstacle_4, sprint2_obstacle_1,
          sprint2_obstacle_3, sprint2_obstacle_7, sprint2_timed_cluster_1,
          sprint2_smallroom_cluster_1, sprint2_smallroom_final_cluster_1,
          sprint2_transparent_cluster_1, sprint2_second_timed_cluster_1,
          sprint2_sniper_area_1, sprint2_heavy_combat_area_1,
          sprint2_mutation_trap_area_1, sprint2_forest_area_1,
          sprint2_light_combat_area_1, sprint2_behind_water_1,
          sprint2_near_end_vault_1]

Skill      XL: |  1  2 |
---------------+-------+-----
Fighting       | 4 6 |  6.5
Axes           | 4 6 |  6.8
Armour         | 3 |  3.5
Dodging        | 3 |  3.3

Action                   || total
-------------------------++-------
Melee: Hand axe          ||    15
       Headbutt          ||     2
       Punch             ||     1
  Use: Potion            ||     2
Dodge: Dodged            ||     9
